 Dungeon Crawl Stone Soup version 0.17-a0-1554-g3b847ca (webtiles) character file.

770 Gorice the Spear-Bearer (level 7, 0/38 HPs)
             Began as a Tengu Wanderer on July 19, 2015.
             Slain by an orc warrior
             ... wielding a +0 halberd
              (21 damage)
             ... on level 6 of the Dungeon.
             The game lasted 00:31:53 (4809 turns).

Gorice the Spear-Bearer (Tengu Wanderer)            Turns: 4809, Time: 00:31:54

Health: 0/38       AC: 10    Str: 16    XL:     7   Next: 83%
Magic:  9/9        EV:  9    Int: 11    God:
Gold:   245        SH:  0    Dex: 13    Spells: 0 memorised, 8 levels left

rFire  . . .     SeeInvis .     a - +2 spear
rCold  . . .     Clarity  .     r - +1 chain mail
rNeg   . . .     SustAt   .     (no shield)
rPois  .         Gourm    .     (helmet restricted)
rElec  .         Spirit   .     (no cloak)
rCorr  .         Warding  .     (no gloves)
rMut   .         Stasis   .     (boots unavailable)
MR     .....                    (no amulet)
Stlth  ..........               (no ring)
                                y - +3 ring of evasion

@: not resistant to hostile enchantments, extremely unstealthy
A: beak, horns 1, talons 3, spit poison 1, able to fly 1
a: Spit Poison, Fly


You were on level 6 of the Dungeon.
You were not hungry.

You visited 2 branches of the dungeon, and saw 7 of its levels.

You collected 245 gold pieces.

Inventory:

Hand weapons
 a - a +2 spear (weapon)
 b - a +2 hunting sling of flaming
   (You found it on level 2 of the Dungeon)
 f - a +0 trident
 v - a +1 dagger of venom
   (You took it off a kobold on level 4 of the Dungeon)
Missiles
 i - 4 javelins (quivered)
 l - 54 sling bullets
 C - 3 tomahawks
 X - 2 tomahawks of dispersal
 Z - 224 stones
Armour
 r - a +1 chain mail (worn)
 w - a cursed +0 chain mail
Jewellery
 d - an uncursed ring of ice
 y - a +3 ring of evasion (left hand)
 E - an uncursed ring of flight
Scrolls
 j - a scroll of magic mapping {!r}
 x - a scroll of recharging {unknown}
 D - a scroll of enchant armour
Potions
 g - a potion of heal wounds {!q}
 n - a potion of flight
 o - a potion of haste {!q}
 p - 3 potions of might {!q}
 s - a potion of brilliance {!q}
 t - 2 potions of resistance {!q}
 u - 2 potions of curing
 z - 2 potions of degeneration {unknown}
 F - a potion of lignification {!q}
Books
 c - the Reference Book on Conjuration

   Spells                             Type                      Level
   a - Flame Tongue                   Conjuration/Fire             1
   b - Mephitic Cloud                 Conjuration/Poison/Air       3
 h - the Incunabulum of the Voyage

   Spells                             Type                      Level
   a - Apportation                    Translocation                1
   b - Portal Projectile              Translocation                3
 H - a Grand Grimoire
Comestibles
 e - 6 bread rations {!e}
 k - 2 meat rations {!e}
 m - 3 chunks of flesh
 q - a slice of pizza
 A - a beef jerky
 B - a royal jelly
 G - 3 fruits


   Skills:
 - Level 1.0 Fighting
 * Level 9.1 Polearms
 - Level 4.3 Armour
 - Level 1.0 Stealth
   Level 1.0 Shields
 - Level 1.0 Spellcasting
   Level 2.6 Conjurations


You had 8 spell levels left.
You didn't know any spells.

Dungeon Overview and Level Annotations

Branches:
Dungeon (6/15)             Temple (1/1) D:4

Altars:
Cheibriados
Dithmenos
Elyvilon
Fedhas
Kikubaaqudgha
Makhleb
Nemelex Xobeh
Ru
Sif Muna
Xom
Zin
The Shining One

Annotations:
D:2 vpUX: siggers!, 1 exclusion, Sigmund
D:3 Grinder
D:5 pUX: ghost!, Noname's ghost, experienced TrMo


Innate Abilities, Weirdness & Mutations

You have a beak for a mouth.
You have claws for feet.
You can fly.
You have a pair of small horns on your head.
You can spit weak poison.


Message History

There is an open door here.
There is a stone staircase leading up here.
Attack whom?
Press: ? - help, Dir - move target cursor, f - orc priest
Aim: an orc priest, wielding a falchion You reach to attack!
You barely miss the orc priest.
Attack whom?
Press: ? - help, Dir - move target cursor, f/p - orc priest
Aim: an orc priest, wielding a falchion You reach to attack!
You barely miss the orc priest.
Warning, next level annotated: pUX: ghost!, Noname's ghost, experienced TrMo Enter next level anyway?
The orc priest hits you with a falchion.
You climb upwards.
Noname's ghost hits you.
There is a stone staircase leading down, spattered with blood here.
Damage: 5 (max 5) Unknown command.
Noname's ghost hits you but does no damage.
The orc priest hits you but does no damage.
You climb downwards.
You hear the sound of rushing water.
There is an entrance to a sewer on this level.
Hurry and find it before the portal rusts away!
There is a stone staircase leading up here.
You puncture the orc priest!
You claw the orc priest, but do no damage.
The orc priest is moderately wounded.
Some of the chunks of flesh in your inventory have rotted away.
You hit the orc priest.
The orc priest is severely wounded.
The orc priest invokes the aid of Beogh against you.
Something smites you!
You hear a shout!
Damage: 12 (max 12)
You hit the orc priest. You claw the orc priest.
Your headbutt misses the orc priest. You peck the orc priest.
You kill the orc priest!
The orc warrior closely misses you.
Attack whom?
Press: ? - help, Dir - move target cursor, f - orc warrior
Aim: an orc warrior, wielding a halberd and wearing a chain mail You reach to attack!
You hit the orc warrior but do no damage.
Attack whom?
Press: ? - help, Dir - move target cursor, f/p - orc warrior
Aim: an orc warrior, wielding a halberd and wearing a chain mail You reach to attack!
You hit the orc warrior but do no damage.
The orc warrior hits you from afar with a halberd!!
Ouch! That really hurt!
You die...

#....... .+
....§.+ .#
#..8.....###
..§§§§§§...
.P§§§§§...
##+8P§§....#
#...§).....#.
+...@........
+##+#..........##
......#o###.....#
..........#......
..........'o.....
......#...#......
......#..## .....
......#..# ....
..... #... ..o


You could see an orc warrior.

Vanquished Creatures
  A phantom (D:3)
  An ogre (D:4)
  A scorpion (D:4)
  A jelly (D:5)
  A hound (D:5)
  A crimson imp (D:5)
  2 orc wizards (D:5)
  An orc priest (D:6)
  A giant frog skeleton (D:3)
  Terence (D:3)
  Natasha (D:3)
  3 worker ants
  A hound zombie (D:6)
  A worker ant zombie (D:5)
  Robin (D:3)
  3 adders
  An ooze (D:4)
  9 orcs
  2 ball pythons (D:2)
  6 giant cockroaches
  16 hobgoblins
  7 jackals
  12 kobolds
  3 quokkas
  11 bats
  2 giant geckos
  3 giant newts (D:1)
  24 goblins
  A jackal skeleton (D:5)
  8 rats
126 creatures vanquished.

Notes
Turn   | Place    | Note
--------------------------------------------------------------
     0 | D:1      | Gorice the Tengu Wanderer began the quest for the Orb.
     0 | D:1      | Gorice set off with: a +2 spear, the Incunabulum of the Voyage, the Reference Book on Conjuration, a +0 robe, a bread ration {!e}
     0 | D:1      | Reached XP level 1. HP: 12/12 MP: 3/3
     0 | D:1      | Identified the Incunabulum of the Voyage
     0 | D:1      | Identified the Reference Book on Conjuration
    89 | D:1      | Reached skill level 1 in Polearms
   185 | D:1      | Reached XP level 2. HP: 16/16 MP: 4/4
   260 | D:1      | Reached skill level 2 in Polearms
   481 | D:1      | Found a shadowy altar of Dithmenos.
  1224 | D:2      | Reached XP level 3. HP: 18/20 MP: 5/5
  1237 | D:2      | Noticed Sigmund
  1390 | D:2      | Found a blossoming altar of Fedhas.
  1522 | D:2      | Found an ancient bone altar of Kikubaaqudgha.
  1569 | D:2      | Reached skill level 3 in Polearms
  1909 | D:3      | Noticed Natasha
  1913 | D:3      | Killed Natasha
  1913 | D:3      | Reached skill level 4 in Polearms
  1913 | D:3      | Reached XP level 4. HP: 25/25 MP: 6/6
  1979 | D:3      | Noticed Robin
  1984 | D:3      | Noticed a phantom
  1995 | D:3      | Killed Robin
  2024 | D:3      | Reached skill level 5 in Polearms
  2024 | D:3      | Gained mutation: You can fly. [Tengu growth]
  2024 | D:3      | Reached XP level 5. HP: 9/29 MP: 7/7
  2034 | D:3      | HP: 5/29 [phantom (5)]
  2062 | D:3      | Killed a phantom
  2062 | D:3      | Reached skill level 6 in Polearms
  2062 | D:3      | Reached XP level 6. HP: 18/34 MP: 8/8
  2211 | D:3      | Noticed Grinder
  2211 | D:3      | Paralysed by Grinder for 4 turns
  2349 | D:3      | Noticed Terence
  2373 | D:3      | Killed Terence
  2481 | D:3      | Found a faded altar to an unknown god.
  2750 | D:4      | Found a snail-covered altar of Cheibriados.
  2774 | D:4      | Found a staircase to the Ecumenical Temple.
  2841 | Temple   | Entered the Ecumenical Temple
  2974 | D:4      | Reached skill level 7 in Polearms
  3103 | D:4      | Reached XP level 7. HP: 38/38 MP: 9/9
  3556 | D:5      | Entered Level 5 of the Dungeon
  3645 | D:5      | Gained mutation: You have a pair of small horns on your head. [potion of beneficial mutation]
  3674 | D:5      | Gained mutation: You can spit weak poison. [potion of beneficial mutation]
  3787 | D:5      | Noticed Noname's ghost (experienced TrMo)
  3850 | D:4      | Reached skill level 8 in Polearms
  4254 | D:5      | Found a white marble altar of Elyvilon.
  4739 | D:5      | Reached skill level 9 in Polearms
  4809 | D:6      | Slain by an orc warrior

Vault maps used:
D:1:      minmay_arrival_plants_in_alcoves, kennysheep_flooded_box,
          minmay_misc_feat_roman, minmay_bisected
D:2:      lemuel_doored_altar, lemuel_crystal_altar, first_bread,
          serial_bayou_lagoon_a, uniq_crazy_yiuf_cottage, uniq_sigmund
D:3:      ecumenical_altar_2, minmay_distorted, uniq_robin, uniq_terence,
          uniq_natasha, uniq_grinder
D:4:      kennysheep_mini_moat, minmay_temple_entry_trees
D:5:      elyvilon_altar_5
D:6:      minmay_flawed_box, yredelemnul_forgotten_temple_becter,
          trog_eyes_of_draining, lemuel_round_altar, portal_sewer_entry_b,
          serial_undead, serial_undead_e, serial_undead_d, serial_undead_d,
          serial_undead_f, nicolae_for_you_no_charge
Temple:   temple_island_7

Action                   |  1- 3 |  4- 6 |  7- 9 || total
-------------------------+-------+-------+-------++-------
Melee: Spear             |    96 |   233 |   108 ||   437
       Dagger            |       |       |     1 ||     1
 Fire: Hunting sling     |       |       |    21 ||    21
  Use: Scroll            |     8 |     5 |     5 ||    18
       Potion            |     1 |     2 |     2 ||     5
  Eat: Chunk             |     3 |     5 |     5 ||    13

Table legend:
 A = Turns spent in this place as a percentage of turns spent in the entire game.
 B = Non-inter-level travel turns spent in this place as a percentage of non-inter-level travel turns spent in the entire game.
 C = Inter-level travel turns spent in this place as a percentage of turns spent in this place.
 D = Turns resting spent in this place as a percentage of non-inter-level travel turns spent in this place.
 E = Turns spent auto-exploring this place as a percentage of non-inter-level travel turns spent in this place.
 F = Non-inter-level travel turns spent in this place divided by the number of levels of this place that you've seen.
                   A       B       C       D       E      F
               +-------+-------+-------+-------+-------+----------------------
         Total | 100.0 | 100.0 |   0.7 |   1.4 |   5.2 | 283.4
       Dungeon |  98.6 |  98.6 |   0.7 |   1.4 |   5.3 | 326.0
        Temple |   1.4 |   1.4 |   0.0 |   0.0 |   0.0 |  28.0
               +-------+-------+-------+-------+-------+----------------------

Vault maps used:
D:1:      minmay_arrival_plants_in_alcoves, kennysheep_flooded_box,
          minmay_misc_feat_roman, minmay_bisected
D:2:      lemuel_doored_altar, lemuel_crystal_altar, first_bread,
          serial_bayou_lagoon_a, uniq_crazy_yiuf_cottage, uniq_sigmund
D:3:      ecumenical_altar_2, minmay_distorted, uniq_robin, uniq_terence,
          uniq_natasha, uniq_grinder
D:4:      kennysheep_mini_moat, minmay_temple_entry_trees
D:5:      elyvilon_altar_5
D:6:      minmay_flawed_box, yredelemnul_forgotten_temple_becter,
          trog_eyes_of_draining, lemuel_round_altar, portal_sewer_entry_b,
          serial_undead, serial_undead_e, serial_undead_d, serial_undead_d,
          serial_undead_f, nicolae_for_you_no_charge
Temple:   temple_island_7
